 Dungeon Crawl Stone Soup version 0.30-a0-743-gbfdf073431 (webtiles) character file.

Game seed: 9559453006594477835

88 Lavandula the Slasher (level 4, 0/35 HPs)
             Began as a Human Monk on Feb 6, 2023.
             Was a Believer of Elyvilon.
             Slain by a hound (2 damage)
             ... on level 4 of the Dungeon.
             The game lasted 00:04:07 (2886 turns).

Lavandula the Slasher (Human Monk)                  Turns: 2886, Time: 00:04:08

Health: 0/35       AC:  6    Str: 14    XL:     4   Next: 82%
Magic:  2/4        EV: 12    Int: 10    God:    Elyvilon [**....]
Gold:   24         SH:  0    Dex: 15    Spells: 3/3 levels left

rFire   + + .      SeeInvis .    a - +0 falchion
rCold   + + .      Faith    +    (no shield)
rNeg    . . .      Spirit   .    k - +3 leather armour
rPois   +          Reflect  .    (no helmet)
rElec   +          Harm     .    p - scarf {rC+ rF+}
rCorr   +          Rampage  .    (no gloves)
Will    .....                    (no boots)
Stlth   ++                       r - amulet of faith
HPRegen 0.25/turn                (no ring)
MPRegen 0.09/turn                (no ring)

@: resistant, flying
A: no striking features
a: Renounce Religion, Purification, Heal Other


You were on level 4 of the Dungeon.
You worshipped Elyvilon.
Elyvilon was pleased with you.
You visited 2 branches of the dungeon, and saw 5 of its levels.

You collected 185 gold pieces.
You spent 161 gold pieces at shops.

Inventory:

Hand Weapons
 a - a +0 falchion (weapon)
 h - a +1 dagger of holy wrath
 x - a +4 broad axe of freezing
Armour
 b - a +0 robe
 k - a +3 leather armour (worn)
 o - a +0 buckler
 p - a scarf of resistance (worn)
Jewellery
 r - an amulet of faith (around neck)
 v - a ring of fire
 w - an amulet of reflection
Scrolls
 d - 2 scrolls of fear {unknown}
 f - 2 scrolls of torment {unknown}
 g - a scroll of enchant weapon {unknown}
 i - 3 scrolls of teleportation {unknown}
 j - a scroll of amnesia {unknown}
 m - 2 scrolls of enchant armour {unknown}
 n - a scroll of vulnerability {unknown}
 q - a scroll of silence {unknown}
 t - a scroll of acquirement {unknown}
 u - a scroll of summoning {unknown}
Potions
 c - a potion of ambrosia
 e - 2 potions of flight
 l - a potion of resistance


   Skills:
 - Level 3.0 Fighting
 - Level 2.0(3.5) Short Blades
 - Level 4.5(4.7) Long Blades
 + Level 0.6 Axes
 - Level 3.0 Dodging
 - Level 2.0 Stealth


You had 3 spell levels left.
You didn't know any spells.
Your spell library was empty.

Dungeon Overview and Level Annotations

Branches:
Dungeon (4/15)             Temple (1/1) D:4

Altars:
Ashenzari
Dithmenos
Elyvilon
Hepliaklqana
Kikubaaqudgha
Makhleb
Nemelex Xobeh
Qazlal
Vehumet
Xom
Yredelemnul

Shops:
D:1 (

Annotations:
D:4 Blork the orc


Message History

The puff of flame hits you. You resist.
* * * LOW HITPOINT WARNING * * *
The hound bites you.
* * * LOW HITPOINT WARNING * * *
Blork the orc closely misses you. The endoplasm misses you.
You feel better. The hound bites you but does no damage.
Blork the orc hits you with a +0 flail. The endoplasm closely misses you.
The hound closely misses you.
It was a potion of resistance.
You feel protected.
Blork the orc points at you and mumbles some strange words.
The magic dart hits you. The hound barely misses you.
Blork the orc casts a cantrip, but nothing happens.
The endoplasm barely misses you.
Press: ? - help, v - describe, . - travel
Here: Blork the orc, wielding a +0 flail and wearing a +0 robe (lightly wounded, fast)
The floor.
You hit Blork the orc.
Blork the orc is moderately wounded.
The hound misses you. Blork the orc barely misses you.
The endoplasm freezes you.
You are frozen.
You resist. The hound barely misses you.
Blork the orc hits you with a +0 flail.
* * * LOW HITPOINT WARNING * * *
Unknown command.
You hit Blork the orc.
Blork the orc is heavily wounded.
The hound bites you but does no damage. Blork the orc hits you with a +0 flail.
* * * LOW HITPOINT WARNING * * *
The endoplasm hits you.
* * * LOW HITPOINT WARNING * * *
The hound bites you but does no damage.
You closely miss Blork the orc.
Blork the orc is heavily wounded.
The hound looks more healthy.
Blork the orc casts a spell at you. The puff of frost hits you. You resist.
* * * LOW HITPOINT WARNING * * *
The hound bites you.
You die...

#'#######
........#
..|.....#
........#
..$.....#
........####
...........#
.......$..J##
.........5h@#
...)......o.# .
.. PPP..####...#
##.#.##
...........##
#.....###
############
##.#.#...
###.......###
###...#.⌠.#...#
##...#.......#...
#..#...⌠.>.⌠...#


You could see Blork the orc (fast), a hound, an ufetubus and an endoplasm.

Vanquished Creatures
  2 adders
  A worm (D:4)
  A dart slug (D:2)
  8 ball pythons
  5 endoplasms
  2 giant cockroaches (D:1)
  7 goblins
  9 hobgoblins
  2 kobolds
  A quokka (D:2)
  7 bats
  2 frilled lizards
  7 rats
54 creatures vanquished.

Vanquished Creatures (others)
  An adder (D:4)
1 creature vanquished.

Grand Total: 55 creatures vanquished

Notes
Turn   | Place    | Note
-------+----------+-------------------------------------------
     0 | D:1      | Lavandula the Human Monk began the quest for the Orb.
     0 | D:1      | Reached XP level 1. HP: 18/18 MP: 1/1
    33 | D:1      | Reached XP level 2. HP: 14/24 MP: 2/2
   436 | D:1      | Reached skill level 4 in Long Blades
   436 | D:1      | Reached XP level 3. HP: 22/29 MP: 3/3
   998 | D:1      | Found Emasye's Antique Weapon Shoppe.
  1143 | D:2      | Reached skill level 1 in Short Blades
  1358 | D:2      | Reached XP level 4. HP: 28/35 MP: 4/4
  2533 | D:4      | Found a staircase to the Ecumenical Temple.
  2571 | Temple   | Entered the Ecumenical Temple
  2689 | Temple   | Became a worshipper of Elyvilon the Healer
  2689 | Temple   | Reached * piety under Elyvilon
  2689 | Temple   | Reached ** piety under Elyvilon
  2794 | D:1      | Bought a glowing broad axe for 161 gold pieces
  2846 | D:4      | Noticed a scorpion
  2869 | D:4      | Noticed Blork the orc
  2880 | D:4      | Elyvilon protects you from harm!
  2886 | D:4      | Slain by a hound

Illustrated notes

Levels and vault maps discovered:
D:1:      reono_arrival_forest_river, layout_loops_corners, serial_shops, shop,
          due_unseen_surprise
D:2:      layout_loops_ring
D:3:      layout_basic
D:4:      layout_basic, mainiacjoe_overflow_boulevard,
          minmay_temple_entry_sparse_star, uniq_crazy_yiuf_cottage,
          uniq_blork_the_orc
Temple:   hellmonk_temple_forest_ring

Skill      XL: |  1  2  3  4 |
---------------+-------------+-----
Long Blades    | 4 |  4.5
Short Blades   | 1 2 |  2.0
Fighting       | |  3.0
Axes           | |  0.6
Dodging        | |  3.0
Stealth        | |  2.0

Action                     |  1- 3 |  4- 6 || total
---------------------------+-------+-------++-------
  Melee: Falchion          |    73 |     5 ||    78
         Punch             |     1 |     1 ||     2
         Dagger            |    54 |    72 ||   126
         Broad axe         |       |     1 ||     1
 Invoke: Heal Other        |       |     1 ||     1
    Use: Potion            |       |     4 ||     4
   Stab: Sleeping          |     3 |     3 ||     6
 Armour: Robe              |    19 |       ||    19
         Leather armour    |    18 |    23 ||    41
  Dodge: Dodged            |    99 |    40 ||   139

Table legend: (Time is in decaauts)
 A = Elapsed time spent in this place.
 B = Non-inter-level travel time spent in this place.
 C = Inter-level travel time spent in this place.
 D = Time resting spent in this place.
 E = Time spent auto-exploring this place.
 F = Levels seen in this place.
 G = Mean time per level.
                   A        B        C        D        E       F      G
               +--------+--------+--------+--------+--------+-----+--------+
         Total |   2886 |   2636 |    250 |      0 |   2146 |   5 |  577.2 |
       Dungeon |   2756 |   2517 |    239 |      0 |   2044 |   4 |  689.0 |
        Temple |    129 |    118 |     11 |      0 |    102 |   1 |  129.0 |
               +--------+--------+--------+--------+--------+-----+--------+

Top non-repeatable levels by time:
     D:1: 1144 daAuts
     D:2: 789 daAuts
     D:3: 741 daAuts
  Temple: 129 daAuts
     D:4: 81 daAuts
